 Dungeon Crawl Stone Soup version 0.29-a0-717-g6dac4ea423 (webtiles) character file.

Game seed: 17856395356826755502

439 porpoise the Caller (level 7, 0/41 HPs)
             Began as a Tengu Summoner on June 27, 2022.
             Slain by Pikel
             ... wielding a +0 whip of freezing
              (1 damage)
             ... on level 4 of the Dungeon.
             The game lasted 00:20:12 (3277 turns).

porpoise the Caller (Tengu Summoner)                Turns: 3277, Time: 00:20:14

Health: 0/41       AC:  3    Str: 10    XL:     7   Next: 1%
Magic:  8/13       EV: 13    Int: 16    God:
Gold:   207        SH:  3    Dex: 14    Spells: 2/12 levels left

rFire   . . .      SeeInvis .   a - +0 dagger
rCold   . . .      Faith    .   u - +0 buckler
rNeg    . . .      Spirit   .   f - +0 leather armour
rPois   .          Reflect  .   (helmet restricted)
rElec   .          Harm     .   (no cloak)
rCorr   .          Rampage  .   (no gloves)
Will    +....                   (boots unavailable)
Stlth   ++........              (no amulet)
HPRegen 0.13/turn               o - ring of willpower
MPRegen 0.13/turn               (no ring)

@: flying quickly and evasively, quick
A: beak, talons 3, nimble flight
a: no special abilities


You were on level 4 of the Dungeon.
You visited 1 branch of the dungeon, and saw 4 of its levels.

You collected 207 gold pieces.

Inventory:

Hand Weapons
 a - a +0 dagger (weapon)
 k - a +0 vorpal hand axe
 w - a +2 long sword of holy wrath
Missiles
 g - 5 poisoned darts (quivered)
Armour
 e - a +0 robe
 f - a +0 leather armour (worn)
 q - a scarf of shadows
 u - a +0 buckler (worn)
Jewellery
 o - a ring of willpower (left hand)
Wands
 t - a wand of digging (6)
Scrolls
 c - a scroll of brand weapon {unknown}
 d - a scroll of amnesia
 i - a scroll of magic mapping {unknown}
 p - a scroll of noise
 s - a scroll of teleportation
Potions
 b - a potion of magic
 h - a potion of haste {unknown}
 j - a potion of attraction {unknown}
 m - 3 potions of mutation
 n - a potion of might {unknown}
 r - a potion of flight {unknown}


   Skills:
 + Level 3.3 Fighting
 - Level 2.1 Dodging
 + Level 3.0 Stealth
 - Level 3.3 Spellcasting
 - Level 0.8 Hexes
 - Level 7.0 Summonings
 + Level 1.5 Air Magic


You had 2 spell levels left.
You knew the following spells:

 Your Spells              Type           Power      Damage    Failure   Level
a - Summon Small Mammal   Summ           100%       N/A       1%          1
b - Call Imp              Summ           25%        N/A       2%          2
c - Call Canine Familiar  Summ           25%        N/A       5%          3
d - Summon Lightning Spi  Summ/Air       16%        N/A       50%         4

Your spell library contained the following spells:

 Spells                   Type           Power      Damage    Failure   Level
 Summon Guardian Golem    Hex/Summ       15%        N/A       21%         3
 Borgnjor's Revivificati  Necr           1%         N/A       100%        8
 Necromutation            Tmut/Necr      1%         N/A       100%        8
 Death's Door             Necr           1%         N/A       100%        9


Dungeon Overview and Level Annotations

Branches:
Dungeon (4/15)
 Temple: D:4-7

Altars:
Fedhas

Annotations:
D:3 2 transporters, zhov's ghost, amateur SpHu
D:4 Grinder; Pikel


Innate Abilities, Weirdness & Mutations

You have a beak for a mouth.
You have claws for feet.
Your magical nature lets you fly swiftly and evasively.


Message History

It was a potion of heal wounds.
You feel much better.
Your hound closely misses the phantom.
Your quokka closely misses the lemure.
The orc misses you. The lemure hits you. You block Pikel's attack.
The phantom misses your hound.
Your hound bites the phantom.
Your quokka bites the lemure.
You swap places.
Your hound completely misses the phantom.
Your iron imp closely misses Pikel.
You block Pikel's attack. The orc closely misses your iron imp.
The lemure barely misses you. The phantom misses your hound.
Your quokka bites the lemure.
You hit Pikel but do no damage. Your peck misses Pikel.
Pikel is moderately wounded.
Your hound bites the phantom.
The phantom is destroyed!
The orc hits your iron imp but does no damage.
Pikel barely misses you.
Your iron imp closely misses the orc.
The lemure hits you but does no damage.
Your quokka bites the lemure.
Your hound closely misses Pikel.
Your Stealth skill increases to level 3!
Your Air Magic skill increases to level 1!
You have reached level 7!
You hit Pikel but do no damage. Your kick misses Pikel.
Pikel is moderately wounded.
Your hound closely misses Pikel.
Your quokka barely misses the lemure.
The orc hits your iron imp with a +0 quarterstaff.
The lemure misses you.
Pikel hits you with a +0 whip of freezing!
* * * LOW HITPOINT WARNING * * *
Pikel freezes you.
* * * LOW HITPOINT WARNING * * *
Your iron imp hits the orc!
The orc dies!
You hit Pikel. Your kick misses Pikel.
Pikel is moderately wounded.
Your hound bites Pikel but does no damage.
Your quokka closely misses the lemure.
Pikel hits you with a +0 whip of freezing.
* * * LOW HITPOINT WARNING * * *
Pikel freezes you.
You die...

# #.# # ..# # #.# #
#.# #########.. #.#
........... ####.#
.##≈§####.. #....#
.##§§≈##########''#§#
.###§≈§##......h@r#.#
...##≈≈≈##.....K55#.#
##.###≈≈≈##.....).#.#
#.####≈§≈##..$...#.#
#5##.##§≈§##.....#.#
#.##..##§≈≈##....#.#
#.##...##≈§≈##...#†#
#.##....##≈§≈##..#†#
#.##.....##≈≈§##.#.#


You could see Pikel (ally target), a lemure, a friendly hound (summoned), a
friendly iron imp (summoned) and a friendly quokka (summoned).

Vanquished Creatures
  Sigmund (D:2)
  A lemure (D:4)
  2 adders
  A worm (D:2)
  2 dart slugs
  An orc (D:3)
  8 ball pythons
  4 bats
  5 endoplasms
  2 giant cockroaches
  6 goblins
  2 hobgoblins
  A quokka (D:4)
  3 frilled lizards (D:1)
  4 kobolds
  3 rats
46 creatures vanquished.

Vanquished Creatures (collateral kills)
  2 lemures (D:4)
  A phantom (D:4)
  Blork the orc (D:4)
  5 adders
  2 dart slugs
  An orc (D:4)
  4 ball pythons
  A bat (D:1)
  An endoplasm (D:3)
  A giant cockroach (D:2)
  4 goblins (D:1)
  A hobgoblin (D:2)
  A frilled lizard (D:2)
  3 kobolds
28 creatures vanquished.

Vanquished Creatures (others)
  A plant (D:2)
1 creature vanquished.

Grand Total: 75 creatures vanquished

Notes
Turn   | Place    | Note
-------+----------+-------------------------------------------
     0 | D:1      | porpoise the Tengu Summoner began the quest for the Orb.
     0 | D:1      | Reached XP level 1. HP: 10/10 MP: 4/4
   193 | D:1      | Reached skill level 5 in Summonings
   291 | D:1      | Reached XP level 2. HP: 15/15 MP: 4/6
   684 | D:1      | Reached XP level 3. HP: 13/20 MP: 7/7
   963 | D:1      | Learned a level 2 spell: Call Imp
   967 | D:1      | Learned a level 3 spell: Call Canine Familiar
  1017 | D:2      | Reached skill level 1 in Fighting
  1025 | D:2      | Noticed Sigmund
  1621 | D:2      | Reached XP level 4. HP: 25/25 MP: 8/8
  1693 | D:2      | Reached skill level 6 in Summonings
  1814 | D:2      | Killed Sigmund
  1815 | D:2      | Reached skill level 7 in Summonings
  1815 | D:2      | Gained mutation: Your magical nature lets you fly swiftly
                  | and evasively. [Tengu growth]
  1815 | D:2      | Reached XP level 5. HP: 31/31 MP: 6/11
  1815 | D:2      | Reached XP level 6. HP: 36/36 MP: 6/12
  1819 | D:2      | Learned a level 3 spell: Summon Guardian Golem
  1995 | D:3      | Found a transporter.
  1996 | D:3      | Noticed zhov's ghost (amateur SpHu)
  2296 | D:3      | Found a faded altar of an unknown god.
  2556 | D:3      | Found a transporter.
  2556 | D:3      | Found a blossoming altar of Fedhas.
  2925 | D:4      | Noticed Blork the orc
  2936 | D:4      | Killed Blork the orc
  3056 | D:4      | Learned a level 4 spell: Summon Lightning Spire
  3092 | D:4      | Noticed Grinder
  3261 | D:4      | Noticed Pikel
  3272 | D:4      | HP: 1/37 [lemure[Pikel] (2)]
  3276 | D:4      | Reached skill level 1 in Air Magic
  3276 | D:4      | Reached XP level 7. HP: 13/41 MP: 7/13
  3277 | D:4      | HP: 1/41 [Pikel/+0 whip of freezing (4)]
  3277 | D:4      | Slain by Pikel

Illustrated notes

Levels and vault maps discovered:
D:1:      saegor_arrival_under_anarchy, layout_basic, minmay_misc_feat_cross
D:2:      layout_loops_ring, minmay_shallow_snake_nest, uniq_sigmund
D:3:      minmay_diamond_boxcup, layout_basic, fedhas_altar_1,
          gammafunk_ghost_mausoleum, ebering_ecumenical_altar_hall
D:4:      layout_loops_ring, minmay_temple_entry_purple_smoke,
          minmay_misc_feat_encased, kennysheep_opposing_triangles, uniq_grinder,
          uniq_pikel, uniq_natasha, uniq_blork_the_orc, uniq_robin

Skill      XL: |  1  2  3  4  5  6 |
---------------+-------------------+-----
Summonings     | 5 7 |  7.0
Fighting       | 1 2 3 |  3.3
Spellcasting   | 3 |  3.3
Stealth        | 3 |  3.0
Air Magic      | 1 |  1.5
Dodging        | |  2.1
Hexes          | |  0.8

Action                   |  1- 3 |  4- 6 |  7- 9 || total
-------------------------+-------+-------+-------++-------
Melee: Dagger            |    47 |    74 |     2 ||   123
       Kick              |    15 |    18 |       ||    33
       Unarmed           |     1 |       |       ||     1
       Peck              |     7 |    16 |       ||    23
Throw: Dart              |       |     4 |       ||     4
 Cast: Summon Small Mamm |    19 |    17 |       ||    36
       Call Imp          |     4 |    14 |       ||    18
       Call Canine Famil |       |     1 |       ||     1
  Use: Scroll            |       |     6 |       ||     6
       Potion            |       |     1 |       ||     1
 Stab: Distracted        |     1 |     1 |       ||     2
       Sleeping          |       |     2 |       ||     2
Armor: Leather armour    |    13 |     9 |       ||    22
Dodge: Dodged            |    46 |    59 |     1 ||   106
Block: Buckler           |       |     4 |       ||     4

Table legend: (Time is in decaauts)
 A = Elapsed time spent in this place.
 B = Non-inter-level travel time spent in this place.
 C = Inter-level travel time spent in this place.
 D = Time resting spent in this place.
 E = Time spent auto-exploring this place.
 F = Levels seen in this place.
 G = Mean time per level.
                   A        B        C        D        E       F      G
               +--------+--------+--------+--------+--------+-----+--------+
         Total |   3193 |   3094 |     99 |    925 |   1462 |   4 |  798.2 |
       Dungeon |   3193 |   3094 |     99 |    925 |   1462 |   4 |  798.2 |
               +--------+--------+--------+--------+--------+-----+--------+

Top non-repeatable levels by time:
     D:1: 1133 daAuts
     D:3: 835 daAuts
     D:2: 825 daAuts
     D:4: 399 daAuts
